 Dungeon Crawl Stone Soup version 0.31.0-12-g77e489cdc1 (webtiles) character file.

Game seed: 12042833483468177363

524 Marvel the Chopper (level 7, -5/61 HPs)
             Began as a Hill Orc Fighter on Feb 23, 2024.
             Killed from afar by Pikel (10 damage)
             ... with a puff of flame
             ... on level 4 of the Dungeon.
             The game lasted 00:03:27 (2726 turns).

Marvel the Chopper (Hill Orc Fighter)               Turns: 2726, Time: 00:03:28

Health: -5/61      AC: 12    Str: 21    XL:     7   Next: 22%
Magic:  7/7        EV:  6    Int:  8    God:
Gold:   74         SH:  4    Dex: 10    Spells: 6/6 levels left

rFire   . . .        a - +0 war axe
rCold   . . .        c - +0 buckler
rNeg    . . .        e - +0 plate armour
rPois   .            (no helmet)
rElec   .            (no cloak)
rCorr   .            (no gloves)
SInv    .            (no boots)
Will    .....        (no amulet) Stlth
                     (no ring)
HPRegen 0.30/turn    (no ring)
MPRegen 0.10/turn

%: no passive effects
@: mighty
A: no striking features
a: no special abilities


You were on level 4 of the Dungeon.
You visited 1 branch of the dungeon, and saw 4 of its levels.

You collected 214 gold pieces.
You spent 140 gold pieces at shops.

Inventory:

Hand Weapons
 a - a +0 war axe (weapon)
Armour
 b - a +0 scale mail
 c - a +0 buckler (worn)
 e - a +0 plate armour (worn)
Jewellery
 y - a +4 ring of protection
Wands
 t - a wand of polymorph (8)
Scrolls
 f - 3 scrolls of noise {unknown}
 k - 3 scrolls of fog
 l - a scroll of enchant weapon {unknown}
 m - a scroll of fear {unknown}
 q - a scroll of immolation {unknown}
 s - 2 scrolls of enchant armour {unknown}
 u - a scroll of poison {unknown}
 w - 5 scrolls of identify
 x - a scroll of blinking {unknown}
 z - a scroll of teleportation {unknown}
Potions
 d - a potion of might
 g - a potion of degeneration {unknown}
 h - a potion of enlightenment {unknown}
 i - a potion of ambrosia {unknown}
 j - 2 potions of haste {unknown}
 n - 2 potions of resistance {unknown}
 o - 2 potions of curing {unknown}
 p - a potion of lignification {unknown}
 r - a potion of heal wounds {unknown}
 v - a potion of berserk rage {unknown}


   Skills:
 + Level 5.4 Fighting
 + Level 7.1 Axes
 + Level 4.7 Armour
 + Level 0.2 Dodging
 + Level 0.1 Stealth
 + Level 4.4 Shields


You had 6 spell levels left.
You didn't know any spells.
Your spell library contained the following spells:

 Spells                   Type           Power      Damage    Failure   Level
 Kiss of Death            Conj/Necr      0%         2d5       100%        1
 Confusing Touch          Hex            0%         N/A       100%        3
 Dispel Undead            Necr           0%         3d6       100%        4


Dungeon Overview and Level Annotations

Branches:
Dungeon (4/15)
 Temple: D:4-7

Altars:
Elyvilon
Sif Muna
Yredelemnul

Shops:
D:3 ?

Annotations:
D:4 Pikel


Message History

You are too injured to fight recklessly!
You are too injured to fight recklessly!
You are too injured to fight recklessly!
You are too injured to fight recklessly!
You are too injured to fight recklessly!
You are too injured to fight recklessly!
You are too injured to fight recklessly!
You are too injured to fight recklessly!
You are too injured to fight recklessly!
You are too injured to fight recklessly!
You slash Pikel!
Pikel is moderately wounded.
Pikel zaps a wand.
The puff of flame hits you.
Pikel zaps a wand.
The puff of flame hits you!
You slash Pikel!
Pikel is heavily wounded.
Pikel hits you with a +0 whip of electrocution.
You hit Pikel.
Pikel is heavily wounded.
Pikel hits you but does no damage.
You are electrocuted!
* * * LOW HITPOINT WARNING * * *
You closely miss Pikel.
Pikel is heavily wounded.
Pikel hits you but does no damage.
You are electrocuted!
* * * LOW HITPOINT WARNING * * *
You feel very mighty all of a sudden. You block Pikel's attack.
You closely miss Pikel.
Pikel is heavily wounded.
Pikel barely misses you.
You hit Pikel.
Pikel is severely wounded.
Pikel zaps a wand.
The puff of flame hits you but does no damage.
Pikel hits you but does no damage.
You hit Pikel.
Pikel is severely wounded.
Pikel zaps a wand.
The puff of flame hits you!
You die...
Pikel says, "Another soul for the market."

+##########5#
........@K55#
###.....#####
.......)...#
...
#######.##.#
..# #.##.#
..####
#.##.##.#
.....
#.##.##.#
...#
#.##.##.#
...#
#.##.##.#


You could see Pikel and 3 lemures.

Vanquished Creatures
  Sigmund (D:2)
  An ogre (D:4)
  A centaur (D:4)
  A bombardier beetle (D:3)
  An iguana (D:3)
  Ijyb (D:3)
  Robin (D:3)
  2 adders
  4 dart slugs
  4 orcs (D:3)
  6 endoplasms
  3 giant cockroaches (D:2)
  8 goblins
  11 hobgoblins
  3 jackals (D:1)
  2 quokkas
  5 ball pythons
  6 bats
  5 frilled lizards
  5 kobolds
  3 rats
74 creatures vanquished.

Notes
Turn   | Place    | Note
-------+----------+-------------------------------------------
     0 | D:1      | Marvel the Hill Orc Fighter began the quest for the Orb.
     0 | D:1      | Reached XP level 1. HP: 19/19 MP: 1/1
   240 | D:1      | Reached XP level 2. HP: 27/27 MP: 2/2
   273 | D:1      | Found a faded altar of an unknown god.
   587 | D:1      | Reached skill level 3 in Axes
   682 | D:1      | Reached XP level 3. HP: 32/33 MP: 3/3
   905 | D:2      | Noticed Sigmund
   910 | D:2      | Killed Sigmund
   911 | D:2      | Reached skill level 4 in Axes
   911 | D:2      | Reached XP level 4. HP: 41/41 MP: 4/4
   911 | D:2      | Reached XP level 5. HP: 47/47 MP: 5/5
   927 | D:2      | Reached skill level 5 in Axes
  1692 | D:3      | Noticed Ijyb
  1707 | D:3      | Killed Ijyb
  1708 | D:3      | Reached XP level 6. HP: 55/55 MP: 6/6
  1812 | D:3      | Found a shimmering blue altar of Sif Muna.
  1823 | D:3      | Noticed Robin
  1833 | D:3      | Killed Robin
  2013 | D:3      | Found a basalt altar of Yredelemnul.
  2139 | D:3      | Reached skill level 6 in Axes
  2202 | D:3      | Found a white marble altar of Elyvilon.
  2246 | D:3      | Found Vuaph's Magic Scroll Shoppe.
  2251 | D:3      | Bought 3 scrolls of identify for 84 gold pieces
  2251 | D:3      | Bought a scroll of fog for 56 gold pieces
  2264 | D:3      | Reached skill level 5 in Fighting
  2463 | D:4      | Reached XP level 7. HP: 60/61 MP: 7/7
  2599 | D:4      | Reached skill level 7 in Axes
  2708 | D:4      | Noticed Pikel
  2726 | D:4      | Killed from afar by Pikel

Illustrated notes

Levels and vault maps discovered:
D:1:      dpeg_arrival_snail, layout_basic, ebering_ecumenical_altar_mist,
          minmay_domino_4
D:2:      wad_woods_pond, layout_basic, uniq_sigmund
D:3:      layout_rooms, kennysheep_ying_yang, mainiacjoe_overflow_24_doors,
          serial_shops, shop_statue, minmay_misc_feat_plants, uniq_robin,
          uniq_ijyb
D:4:      kennysheep_big_flooded_room, layout_loops_ring, minmay_misc_feat_iff,
          minmay_fire_ice_demons, uniq_pikel

Skill      XL: |  1  2  3  4  5  6  7 |
---------------+----------------------+-----
Fighting       | 4 5 |  5.4
Axes           | 3 4 5 6 7 |  7.1
Armour         | 4 |  4.7
Shields        | 4 |  4.4
Dodging        | |  0.2
Stealth        | |  0.1

Action                     |  1- 3 |  4- 6 |  7- 9 || total
---------------------------+-------+-------+-------++-------
  Melee: War axe           |    55 |   108 |    25 ||   188
    Use: Potion            |       |       |     1 ||     1
 Armour: Plate armour      |    49 |   101 |    17 ||   167
         Skin              |       |     9 |       ||     9
  Dodge: Dodged            |    15 |    42 |     5 ||    62
  Block: Buckler           |    14 |    29 |     3 ||    46
